 Dungeon Crawl Stone Soup version 0.31-a0-662-g684573625c (webtiles) character file.

Game seed: 1429464112280723615

210 ytrimaz the Ruffian (level 5, -4/40 HPs)
             Began as a Draconian Shapeshifter on Aug 31, 2023.
             Slain by a scorpion (5 damage)
             ... on level 4 of the Dungeon.
             The game lasted 00:02:37 (2392 turns).

ytrimaz the Ruffian (Draconian Shapeshifter)        Turns: 2392, Time: 00:02:38

Health: -4/40      AC:  5    Str: 16    XL:     5   Next: 56%
Magic:  5/5        EV: 12    Int: 10    God:
Gold:   149        SH:  0    Dex: 13    Spells: 4/4 levels left

rFire   . .          .
                       - Unarmed
rCold   . . .        (no shield)
rNeg    . . .        (body armour unavailable)
rPois   .            (helmet currently unavailable)
rElec   .            (cloak currently unavailable)
rCorr   .            (gloves currently unavailable)
SInv    .            (boots currently unavailable)
Will    .....        (no amulet)
Stlth   +            (no ring)
HPRegen 0.26/turn    (no ring)
MPRegen 0.09/turn

%: no passive effects
@: lethally poisoned (-4 -> -10), beast-form
A: beast (slay +2), AC +5, unfitting armour, cold-blooded
a: Begin Untransformation


You were on level 4 of the Dungeon.
You were a hulking beast.
You visited 1 branch of the dungeon, and saw 4 of its levels.

You collected 149 gold pieces.


Innate Abilities, Weirdness & Mutations

You are a hulking beast.
Your limbs bulge with bestial killing power. (Slay +2)
Your plain brown scales are hard. (AC +5)
You cannot fit into any form of body armour.
You are cold-blooded and may be slowed by cold attacks.


   Skills:
 - Level 1.1 Fighting
 - Level 1.7 Dodging
 + Level 5.0 Unarmed Combat
 + Level 4.6 Shapeshifting


You had 4 spell levels left.
You didn't know any spells.
Your spell library contained the following spells:

 Spells                   Type           Power      Damage    Failure   Level
 Sandblast                Erth           0%         2d4       36%         1
 Passwall                 Tmut/Erth      0%         N/A       50%         2
 Stone Arrow              Conj/Erth      0%         3d7       75%         3

Inventory:

Missiles
 n - a throwing net
Armour
 i - a +1 pair of gloves
   (You found it on level 2 of the Dungeon)
Talismans
 b - a beast talisman (active)
 c - a flux talisman
Scrolls
 d - 3 scrolls of identify {unknown}
 g - a scroll of fear {unknown}
 h - a scroll of enchant weapon {unknown}
 j - a scroll of revelation {unknown}
 k - a scroll of amnesia {unknown}
 l - 2 scrolls of brand weapon {unknown}
Potions
 e - a potion of enlightenment {unknown}
 f - a potion of mutation {unknown}
 m - a potion of invisibility {unknown}
 o - a potion of cancellation {unknown}

Dungeon Overview and Level Annotations

Branches:
Dungeon (4/15) Zot: 21615
 Temple: D:4-7

Altars:
Kikubaaqudgha
Qazlal
Trog
Uskayaw
Wu Jian

# # #
################
................
###########.#####.
#.......<.#..####.
#.#..####.........
#h#......#....####
#s#...).......# #
#.#....#.#....# #
#.#.####.#.#### #.
#.#....(.#.# #.#
#.########.# .#
#.. ..# ### #.. ..


You could see a scorpion.


Message History

Unknown command.
Your transformation has ended.
You turn into a tree.
Your roots penetrate the ground.
Menkaure hits you but does no damage. 😨 HP[+8]
You now have 52 max hp (+17).
You regained 8 hp, and now have 23/52 hp.
Unknown command.
You hit Menkaure. You hit Menkaure. Menkaure hits you.
* * * LOW HITPOINT WARNING * * *
😨 HP[-1]
You take 1 damage, and now have 22/52 hp.
Unknown command.
You hit Menkaure. Menkaure hits you!
* * * LOW HITPOINT WARNING * * *
😱 HP[-11]
You take 11 damage, and now have 11/52 hp.
MASSIVE DAMAGE!! (PAUSE)
You smack Menkaure!
Menkaure hits you but does no damage. 😱 HP[+1]
You pummel Menkaure!!
You destroy Menkaure!
Your Unarmed Combat skill increases to level 5!
You have reached level 5! 😱 HP[+2] MP[+1]
You now have 60 max hp (+8).
You regained 2 hp, and now have 14/60 hp.
Your mp is fully restored (5).
You cannot move.
Your transformation is almost over.
You feel less wooden.
You turn into a hulking beast.
Key pressed, stopping explore.
Key pressed, stopping explore.
Unknown command. 😎 HP[+26]
You now have 40 max hp (-20).
Your hp is fully restored (40).
There is a stone staircase leading up here.
Found a stone staircase leading up.
Key pressed, stopping explore.
Unknown command.
A kobold comes into view. It is wielding a +0 whip.
The kobold shouts!
A kobold is nearby!
The kobold hits you but does no damage.
A kobold is nearby!
A kobold is nearby!
You hit the kobold.
You kill the kobold!
No target in view!
You see here a +0 whip.
No target in view!
A scorpion comes into view.
A scorpion is nearby!
You hit the scorpion. The scorpion stings you.
You are poisoned.
The scorpion poisons you! 😕 HP[-3]
You take 3 damage, and now have 37/40 hp.
You hit the scorpion.
You feel very sick. The scorpion stings you.
You are more poisoned.
The scorpion poisons you! 😮 HP[-7]
You take 7 damage, and now have 30/40 hp.
You hit the scorpion but do no damage.
You feel very sick. The scorpion stings you. 😮 HP[-8]
You take 8 damage, and now have 22/40 hp.
You barely miss the scorpion.
You feel very sick. The scorpion stings you!
* * * LOW HITPOINT WARNING * * *
😨 HP[-9]
You take 9 damage, and now have 13/40 hp.
MASSIVE DAMAGE!! (PAUSE)
You hit the scorpion.
* * * LOW HITPOINT WARNING * * *
You feel very sick. The scorpion stings you.
* * * LOW HITPOINT WARNING * * *
😱 HP[-6]
You take 6 damage, and now have 7/40 hp.
You are too injured to fight recklessly!
You hit the scorpion but do no damage.
* * * LOW HITPOINT WARNING * * *
You feel very sick. The scorpion stings you.
* * * LOW HITPOINT WARNING * * *
Unknown command. 😱 HP[-4]
You take 4 damage, and now have 3/40 hp.
You hit the scorpion.
You tail-slap the scorpion, but do no damage.
* * * LOW HITPOINT WARNING * * *
You feel sick. The scorpion stings you.
You die...

Skill      XL: |  1  2  3  4 |
---------------+-------------+-----
Unarmed Combat | 4 5 |  5.0
Shapeshifting  | 4 |  4.6
Fighting       | |  1.1
Dodging        | |  1.7

Action                     |  1- 3 |  4- 6 || total
---------------------------+-------+-------++-------
  Melee: Unarmed           |   117 |    52 ||   169
         Tailslap          |     8 |     7 ||    15
         Punch             |     1 |       ||     1
    Use: Potion            |       |     1 ||     1
   Stab: Sleeping          |     3 |       ||     3
 Armour: Skin              |    42 |    26 ||    68
  Dodge: Dodged            |    70 |    24 ||    94

Levels and vault maps discovered:
D:1:      ncdulo_watergridlock, layout_basic, minmay_misc_feat_cross,
          minmay_misc_feat_square, minmay_octomino_e4
D:2:      layout_basic, minmay_bisected
D:3:      layout_rooms, minitemple, st_stairs_3
D:4:      layout_basic, grunt_gozag_statues, minmay_temple_entry_slanted,
          minivault_24, minmay_misc_feat_diagonals, ldierk_geyser,
          uniq_menkaure, uniq_pikel, uniq_grinder

Notes
Turn   | Place    | Note
-------+----------+-------------------------------------------
     0 | D:1      | ytrimaz the Draconian Shapeshifter began the quest for the
                  | Orb.
     0 | D:1      | Reached XP level 1. HP: 16/16 MP: 1/1
     0 | D:1      | magus.rc [v1.9.6]
   229 | D:1      | Reached XP level 2. HP: 23/23 MP: 2/2
   783 | D:2      | Reached XP level 3. HP: 28/28 MP: 3/3
   917 | D:2      | You pick up a book of Geomancy and begin reading...
   917 | D:2      | You add the spells Sandblast, Passwall and Stone Arrow to
                  | your library.
  1465 | D:2      | Reached skill level 4 in Unarmed Combat
  1656 | D:3      | Reached XP level 4. HP: 35/35 MP: 4/4
  1946 | D:3      | Reached skill level 4 in Shapeshifting
  2136 | D:3      | Found an ancient bone altar of Kikubaaqudgha.
  2139 | D:3      | Found a bloodstained altar of Trog.
  2140 | D:3      | Found a stormy altar of Qazlal.
  2140 | D:3      | Found an ornate altar of the Wu Jian Council.
  2145 | D:3      | Found a hide-covered altar of Uskayaw.
  2189 | D:4      | Noticed Menkaure
  2196 | D:4      | HP: 11/52 [Menkaure (11)]
  2198 | D:4      | Killed Menkaure
  2199 | D:4      | Reached skill level 5 in Unarmed Combat
  2199 | D:4      | Reached XP level 5. HP: 14/40 MP: 5/5
  2390 | D:4      | HP: 10/40 [poisoned by a scorpion]
  2391 | D:4      | HP: 4/40 [poisoned by a scorpion]
  2392 | D:4      | HP: 1/40 [poisoned by a scorpion]
  2392 | D:4      | Slain by a scorpion

Vanquished Creatures
  Menkaure (D:4)
  2 adders
  A worm (D:2)
  A dart slug (D:2)
  6 orcs (D:3)
  8 endoplasms
  3 giant cockroaches
  5 hobgoblins
  6 jackals (D:1)
  3 quokkas
  3 ball pythons
  3 bats
  2 frilled lizards
  9 kobolds
  8 rats
61 creatures vanquished.

Table legend:
 A = Non-vault XP
 B = Vault XP
 C = Vault XP percentage of total XP
 D = Non-vault monster count
 E = Vault monster count
 F = Vault count percentage of total count
                 A         B        C        D         E       F
            +---------+---------+-------+---------+---------+-------
      Total |     123 |     177 |  59.0 |      54 |       7 |  11.5
            +---------+---------+-------+---------+---------+-------
        D:1 |      30 |       4 |  11.8 |      18 |       3 |  14.3
        D:2 |      46 |       1 |   2.1 |      18 |       1 |   5.3
        D:3 |      46 |       3 |   6.1 |      17 |       2 |  10.5
        D:4 |       1 |     169 |  99.4 |       1 |       1 |  50.0
            +---------+---------+-------+---------+---------+-------

Skill      XL: |  1  2  3  4 |
---------------+-------------+-----
Unarmed Combat | 4 5 |  5.0
Shapeshifting  | 4 |  4.6
Fighting       | |  1.1
Dodging        | |  1.7

Action                     |  1- 3 |  4- 6 || total
---------------------------+-------+-------++-------
  Melee: Unarmed           |   117 |    52 ||   169
         Tailslap          |     8 |     7 ||    15
         Punch             |     1 |       ||     1
    Use: Potion            |       |     1 ||     1
   Stab: Sleeping          |     3 |       ||     3
 Armour: Skin              |    42 |    26 ||    68
  Dodge: Dodged            |    70 |    24 ||    94

Illustrated notes

Table legend:
 A = Kills in this place as a percentage of kills in the entire game.
 B = Kills by you in this place as a percentage of kills by you in the entire game.
 C = Kills by friends in this place as a percentage of kills by friends in the entire game.
 D = Other kills in this place as a percentage of other kills in the entire game.
 E = Experience gained in this place as a percentage of experience gained in the entire game.
 F = Experience gained in this place divided by the number of levels of this place that you have seen.
                   A       B       C       D       E      F
               +-------+-------+-------+-------+-------+----------------------
         Total | 100.0 | 100.0 |   N/A |   N/A | 100.0 |  75.0
       Dungeon | 100.0 | 100.0 |   N/A |   N/A | 100.0 |  75.0
               +-------+-------+-------+-------+-------+----------------------

Table legend: (Time is in decaauts)
 A = Elapsed time spent in this place.
 B = Non-inter-level travel time spent in this place.
 C = Inter-level travel time spent in this place.
 D = Time resting spent in this place.
 E = Time spent auto-exploring this place.
 F = Levels seen in this place.
 G = Mean time per level.
                   A        B        C        D        E       F      G
               +--------+--------+--------+--------+--------+-----+--------+
         Total |   2383 |   2320 |     63 |      0 |   1892 |   4 |  595.8 |
       Dungeon |   2383 |   2320 |     63 |      0 |   1892 |   4 |  595.8 |
               +--------+--------+--------+--------+--------+-----+--------+

Top non-repeatable levels by time:
     D:2: 970 daAuts
     D:1: 618 daAuts
     D:3: 593 daAuts
     D:4: 201 daAuts
